Map: Newkirk Precinct TE (Void)

Players

Musumeci - Winner!

  • Race: Zerg Zerg
  • League: Diamond
  • Spawn Location: 5:00

Jésus

  • Race: Zerg Zerg
  • League: Diamond
  • Spawn Location: 7:00

VOD

Have the link to the VOD?

Description

Time

  • Played on: Feb. 8, 2017, 12:32 p.m.
  • Length: 6:15
Show
View Real Time Build Order
Export as new Build Order

Musumeci Zerg - Winner!

Build Orders: Hatch First 

Get SALT Encoding   

  12  0:02  Drone  
  13  0:10  Extractor  
  13  0:11  Drone  
  13  0:16  Drone  
  15  0:23  Overlord  
  15  0:42  Drone x2  
  17  1:00  Hatchery  
  16  1:07  Evolution Chamber  
  16  1:11  Extractor  
  15  1:20  Evolution Chamber  
  15  1:23  Spawning Pool  
  15  1:24  Drone  
  14  1:28  Drone  
  14  1:32  Drone  
  16  1:43  Drone  
  17  1:53  Drone  
  18  2:06  Drone  
  19  2:13  Metabolic Boost  
  19  2:19  Queen x2  
  19  2:20  Zergling x2  
  24  2:23  Zergling x2  
  25  2:30  Overlord  
  25  2:39  Baneling Nest  
  25  2:42  Zergling x2  
  25  2:51  Drone x3  
  28  3:00  Overlord  
  28  3:06  Zergling x4  
  28  3:10  Zergling x2  
  31  3:14  Zergling x2  
  32  3:30  Zergling x2  
  32  3:31  Zergling x10  
  38  3:42  Zergling x8  
  38  4:15  Zergling x10  
  38  4:16  Zergling x8  
  43  4:21  Baneling x2  
  36  4:48  Zergling x12  
  40  5:00  Baneling x4  
  40  5:01  Baneling x2  
  40  5:02  Baneling x4  
  40  5:04  Baneling x2  
  39  5:14  Zergling x2  
  39  5:15  Zergling x6  
  37  5:34  Baneling x2  
  35  5:50  Zergling x12  
Show
View Real Time Build Order
Export as new Build Order

Jésus Zerg 

Build Orders: Hatch First 

Get SALT Encoding   

  12  0:01  Drone  
  13  0:13  Overlord  
  13  0:21  Drone  
  14  0:32  Drone x2  
  17  0:35  Drone  
  17  0:56  Hatchery  
  16  0:58  Drone  
  16  1:01  Drone  
  16  1:04  Extractor  
  17  1:12  Extractor  
  17  1:18  Spawning Pool  
  16  1:23  Drone  
  16  1:25  Drone  
  18  1:28  Drone  
  19  1:40  Overlord  
  19  2:05  Queen  
  19  2:06  Zergling x4  
  19  2:08  Queen  
  23  2:11  Drone  
  26  2:20  Drone x2  
  26  2:22  Metabolic Boost  
  28  2:38  Drone x3  
  28  2:41  Baneling Nest  
  30  3:01  Drone x2  
  30  3:02  Hatchery  
  30  3:04  Drone  
  32  3:10  Overlord  
  32  3:12  Zergling x2  
  33  3:25  Baneling x3  
  33  3:28  Drone  
  33  3:29  Drone x4  
  38  3:36  Zergling x6  
  38  3:39  Zergling x2  
  41  3:51  Baneling  
  36  4:10  Zergling x10  
  36  4:11  Zergling x6  
  42  4:19  Zergling x4  
  42  4:20  Zergling x4  
  43  4:25  Zergling x4  
  43  4:29  Baneling x3  
  32  4:49  Zergling x10  
  32  4:50  Zergling x6  
  40  5:08  Baneling  
  28  5:33  Zergling x2  
  28  5:34  Zergling x22  
  39  5:37  Queen  
  39  5:38  Queen x2  
  42  5:49  Zergling x2  
  42  5:50  Zergling x4  
Tags
 
Add a new tag
Caveats
  • Supply blocks, unpowered buildings, or Contaminate may cause inaccurate times.
  • Supply counts are checked every 10 seconds.